 Dungeon Crawl Stone Soup version 0.19-a0-1394-g582fb70 (webtiles) character file.

179 Lindan9 the Shield-Bearer (level 5, 0/42 HPs)
             Began as a Formicid Fighter on Sept 3, 2016.
             Slain by an orc priest
             ... wielding a +0 short sword
              (5 damage)
             ... on level 4 of the Dungeon on Sept 4, 2016.
             The game lasted 00:09:03 (2497 turns).

Lindan9 the Shield-Bearer (Formicid Fighter)        Turns: 2497, Time: 00:09:03

Health: 0/42       AC:  9    Str: 22    XL:     5   Next: 90%
Magic:  5/5        EV:  9    Int:  7    God:
Gold:   98         SH: 10    Dex: 10    Spells: 0 memorised, 4 levels left

rFire  . . .     SeeInvis +     a - +0 flail
rCold  . . .     Gourm    .     f - +2 scale mail {MR+}
rNeg   . . .     Faith    .     c - +0 shield
rPois  .         Spirit   .     (helmet unavailable)
rElec  .         Dismiss  .     (no cloak)
rCorr  .         Reflect  .     (no gloves)
MR     +....     Harm     .     (no boots)
Stlth  ..........               m - amulet of regeneration
                                (no ring)
                                (no ring)

@: no status effects
A: permanent stasis, dig shafts and tunnels, four strong arms, antennae 3
a: Dig, Shaft Self


You were on level 4 of the Dungeon.
You were not hungry.

You visited 1 branch of the dungeon, and saw 4 of its levels.

You collected 98 gold pieces.

Inventory:

Hand Weapons
 a - a +0 flail (weapon)
Armour
 b - a +0 scale mail
 c - a +0 shield (worn)
 f - a +2 scale mail of magic resistance (worn)
Jewellery
 m - an amulet of regeneration (around neck)
 o - an uncursed ring of protection from magic {unknown}
Scrolls
 e - 2 scrolls of enchant armour {unknown}
 g - a scroll of noise {unknown}
 k - a scroll of amnesia {unknown}
 l - a scroll of enchant weapon {unknown}
 n - a scroll of recharging {unknown}
Potions
 d - a potion of might
 i - 2 potions of curing {unknown}
Comestibles
 j - a fruit


   Skills:
 + Level 4.2 Fighting
 + Level 3.0 Maces & Flails
 + Level 4.0 Armour
 + Level 1.1 Dodging
 + Level 0.6 Stealth
 + Level 5.0 Shields


You had 4 spell levels left.
You didn't know any spells.

Dungeon Overview and Level Annotations

Branches:
Dungeon (4/15)
 Temple: D:4-7

Altars:
Nemelex Xobeh


Innate Abilities, Weirdness & Mutations

You are under a permanent stasis effect.
You can dig through walls and to a lower floor.
Your four strong arms can wield two-handed weapons with a shield.
You have a pair of large antennae on your head. (SInv)


Message History

The orc priest invokes the aid of Beogh against you.
Beogh smites you!
* * * LOW HITPOINT WARNING * * *
The orc barely misses you.
You thump the orc!
You kill the orc!
The orc priest hits you from afar with a trident.
* * * LOW HITPOINT WARNING * * *
The orc priest hits you but does no damage.
The orc hits you with a war axe.
* * * LOW HITPOINT WARNING * * *
The orc priest invokes the aid of Beogh against you.
You resist with some effort. You block the orc priest's attack.
You block the orc's attack.
There is an open door here.
Things that are here:
a hand axe; a ring mail Your shield prevents you from hitting the orc priest.
The orc priest hits you with a short sword.
You die...

##+## ##...##
##.....## #
##.......##
#...####o........#
......o@...<.....+
#...####o........#
# ##.......##
##.....## ##...##
##+##


You could see 2 orc priests and an orc.

Vanquished Creatures
  Terence (D:3)
  7 adders
  An ooze (D:3)
  3 worms
  6 giant geckos
  7 orcs
  A ball python (D:1)
  2 giant cockroaches
  7 hobgoblins
  3 quokkas
  8 bats
  7 giant newts
  6 goblins
  4 kobolds
  7 rats
70 creatures vanquished.

Notes
Turn   | Place    | Note
-------+----------+-------------------------------------------
     0 | D:1      | Lindan9 the Formicid Fighter began the quest for the Orb.
     0 | D:1      | Reached XP level 1. HP: 18/18 MP: 1/1
   204 | D:1      | Reached XP level 2. HP: 23/24 MP: 2/2
   229 | D:1      | Reached skill level 4 in Shields
   428 | D:2      | Reached XP level 3. HP: 29/29 MP: 3/3
   541 | D:2      | Reached XP level 4. HP: 30/37 MP: 4/4
  1527 | D:3      | Reached skill level 5 in Shields
  1527 | D:3      | Reached XP level 5. HP: 41/42 MP: 5/5
  1817 | D:3      | Reached skill level 1 in Dodging
  1948 | D:3      | Noticed Terence
  1953 | D:3      | Killed Terence
  2245 | D:3      | Found a sparkling altar of Nemelex Xobeh.
  2497 | D:4      | Slain by an orc priest

Vault maps used:
D:1:      dpeg_arrival_erosion, serial_forest, infiniplex_forest_zigzag_1,
          infiniplex_forest_lined_ring, infiniplex_forest_straight_5,
          infiniplex_forest_end_2, infiniplex_forest_straight_4,
          infiniplex_forest_clump_tiny
D:3:      nicolae_overflow_hidden_temple, kennysheep_potato, uniq_terence
D:4:      kennysheep_ying_yang, trog_eyes_of_draining, uniq_eustachio,
          uniq_grinder

Skill      XL: |  1  2  3  4  5 |
---------------+----------------+-----
Shields        | 4 5 |  5.0
Fighting       | 4 |  4.2
Dodging        | 1 |  1.1
Armour         | 4 |  4.0
Maces & Flails | 3 |  3.0
Stealth        | |  0.6

Action                   |  1- 3 |  4- 6 || total
-------------------------+-------+-------++-------
Melee: Flail             |    78 |   220 ||   298
 Abil: Dig               |       |     1 ||     1
  Use: Potion            |       |     2 ||     2
  Eat: Bread ration      |       |     1 ||     1
       Meat ration       |       |     1 ||     1
Armor: Scale mail        |    34 |   104 ||   138
Dodge: Dodged            |    28 |    93 ||   121
Block: Shield            |    44 |   132 ||   176
